 Dungeon Crawl Stone Soup version 0.30.1-4-g462c640d31 (webtiles) character file.

Game seed: 17261783942311521698

2279 croobank the Sneak (level 9, -10/62 HPs)
             Began as a Demonspawn Delver on Sept 15, 2023.
             Was a Follower of Hepliaklqana.
             Killed by an exploding water moccasin (41 damage)
             ... ignited by their inner flame
             ... on level 6 of the Dungeon.
             The game lasted 00:23:15 (6569 turns).

croobank the Sneak (Demonspawn Delver)              Turns: 6569, Time: 00:23:16

Health: -10/62     AC: 10    Str: 19    XL:     9   Next: 16%
Magic:  13/13      EV: 13    Int: 15    God:    Hepliaklqana [*.....]
Gold:   374        SH:  0    Dex: 15    Spells: 9/12 levels left

rFire   . . .        a - +3 dagger (drain)
rCold   + . .        (no shield)
rNeg    . . .        o - +2 leather armour {rC+}
rPois   .            r - +0 helmet
rElec   .            (no cloak)
rCorr   .            e - +0 pair of gloves
SInv    .            (no boots)
Will    +....        (no amulet)
Stlth   +++          w - ring of willpower
HPRegen 0.30/turn    B - +6 ring of strength
MPRegen 0.26/turn

%: no passive effects
@: lethally poisoned (-10 -> -18)
A: reduced essence, thin metallic scales 2, magic regeneration, weakness stinger
2
a: Renounce Religion, Recall Ancestor, Ancestor Identity


You were on level 6 of the Dungeon.
You worshipped Hepliaklqana.
Hepliaklqana was aware of your devotion.
You visited 2 branches of the dungeon, and saw 7 of its levels.

You collected 374 gold pieces.

Inventory:

Hand Weapons
 a - a +3 dagger of draining (weapon)
 b - a +0 sling
 f - a +2 dagger of venom
 h - a +0 morningstar
 i - a +0 war axe
 l - a +2 flail of venom
 y - a +0 short sword
Missiles
 D - 6 poisoned darts
Armour
 e - a +0 pair of gloves (worn)
 o - a +2 leather armour of cold resistance (worn)
 r - a +0 helmet (worn)
Jewellery
 q - a ring of ice
 w - a ring of willpower (left hand)
 A - a ring of wizardry
 B - a +6 ring of strength (right hand)
Wands
 d - a wand of flame (23)
 g - a wand of digging (3)
 v - a wand of quicksilver (7) (quivered)
Scrolls
 c - 2 scrolls of fog
 k - 2 scrolls of immolation
 m - 4 scrolls of amnesia
 t - 3 scrolls of noise
 u - a scroll of vulnerability
Potions
 j - a potion of cancellation
 p - a potion of resistance
 s - a potion of heal wounds
 z - a potion of lignification
 C - 3 potions of mutation {unknown}


   Skills:
 + Level 5.9 Fighting
 + Level 4.9 Short Blades
 + Level 4.8 Dodging
 + Level 6.9 Stealth
 + Level 2.3 Spellcasting
 + Level 2.5 Hexes
 + Level 2.6 Summonings
 + Level 5.5 Invocations


You had 9 spell levels left.
You knew the following spells:

 Your Spells              Type           Power      Damage    Failure   Level
a - Summon Guardian Gole  Hex/Summ       9%         N/A       26%         3

Your spell library contained the following spells:

 Spells                   Type           Power      Damage    Failure   Level
 Ensorcelled Hibernation  Hex/Ice        10%        N/A       22%         2
 Tukima's Dance           Hex            9%         N/A       26%         3
 Lesser Beckoning         Tloc           2%         N/A       36%         2
 Portal Projectile        Hex/Tloc       10%        N/A       41%         3
 Gell's Gravitas          Tloc           1%         N/A       58%         3
 Spider Form              Tmut/Pois      1%         N/A       58%         3
 Teleport Other           Tloc           1%         N/A       58%         3
 Anguish                  Hex/Necr       2%         N/A       83%         4
 Blade Hands              Tmut           0%         N/A       100%        5
 Orb of Destruction       Conj           0%         9d5       100%        7
 Spellforged Servitor     Conj/Summ      2%         N/A       100%        7


Dungeon Overview and Level Annotations

Branches:
Dungeon (6/15)             Temple (1/1) D:4

Altars:
Ashenzari
Cheibriados
Dithmenos
Fedhas
Gozag
Hepliaklqana
Kikubaaqudgha
Makhleb
Okawaru
Qazlal
Ru
Sif Muna
Trog
Uskayaw
Vehumet
Wu Jian
Xom
Yredelemnul

Shops:
D:4 [

Annotations:
D:5 2 transporters, Nick1's ghost, novice FoFi


Innate Abilities, Weirdness & Mutations

Your life essence is reduced to manifest your ancestor. (-10% HP)
You are mostly covered in thin metallic scales. (AC +3)
You regenerate magic rapidly.
You have a tail ending in a sharp stinger.


Message History

The ice beast hits you but does no damage.
The water moccasin bites you.
You are poisoned.
The water moccasin poisons you!
Really read the scroll of immolation?
As you read the scroll of immolation, it crumbles to dust.
The creatures around you are filled with an inner flame!
You feel very sick.
The bullfrog hits Artakama but does no damage.
Artakama hits the bullfrog.
Flame seeps out of the bullfrog.
The water moccasin bites you. The ice beast closely misses you.
The bullfrog is engulfed in blazing flames.
Flame seeps out of the bullfrog.
The bullfrog hits Artakama.
Flame seeps out of Artakama.
You barely miss the water moccasin.
The water moccasin is heavily wounded.
You feel sick.
The adder bites Artakama but does no damage.
The water moccasin bites you but does no damage.
Artakama hits the bullfrog!
The bullfrog explodes!
Artakama avoids your attack.
The fiery explosion engulfs the hound!!
The fiery explosion engulfs the black bear!!!
The black bear explodes!
The fiery explosion engulfs the water moccasin!!!
Artakama avoids your attack.
The fiery explosion engulfs the adder!!!
The adder explodes!
Artakama avoids your attack.
The fiery explosion engulfs the ice beast!!!
The ice beast melts!
The fiery explosion engulfs the bullfrog!!
The bullfrog explodes!
The fiery explosion engulfs the gnoll!!!
The gnoll explodes!
The ice beast explodes!
The fiery explosion engulfs you!
The water moccasin explodes!
The fiery explosion engulfs you!!!
Ouch! That really hurt!
You die...

....#.#
#####....................
......# #..####..........##..
#.#.### #.....#..........##..
#.#.# #.############...####
#...# ########## #### ##...####
########........#
#§..###.......# ...#
#......#...##○§...##....#.##
##.###.....##...#R§§?...#......#
#..#......##...@§§§....######.##
##......####...#§§§.... #...
#.####### #...##§§...# #...
#.###..(###...# #.§.## #.##
#.##.....##...# ###########.##
#.#.......#...####.............
#.#...(...'...##......#....)...
#.#.......#...##.....##........
#.##(....##...#......##........


You could see the friendly Artakama the ancestor (inner flame).

Vanquished Creatures
  A vampire mosquito (D:6)
  A water moccasin (D:6)
  3 black bears
  An orc warrior (D:5)
  2 ice beasts
  2 sky beasts
  2 ogres (D:6)
  A centaur (D:6)
  An elf zombie (D:4)
  2 bullfrogs (D:6)
  An elf skeleton (D:4)
  3 scorpions (D:5)
  A killer bee (D:6)
  A jelly (D:5)
  3 hounds
  2 orc priests (D:6)
  A human skeleton (D:4)
  A sleepcap (D:5)
  6 iguanas
  10 orc wizards
  13 adders
  A gnoll (D:6)
  2 worms
  4 dart slugs
  23 orcs
  10 endoplasms
  2 giant cockroaches (D:1)
  8 goblins
  7 hobgoblins
  3 jackals (D:3)
  4 quokkas
  6 ball pythons
  2 bats
  4 frilled lizards
  6 kobolds
  3 orc skeletons (D:4)
  7 rats
150 creatures vanquished.

Vanquished Creatures (collateral kills)
  Menkaure (D:6)
  A bullfrog (D:6)
2 creatures vanquished.

Grand Total: 152 creatures vanquished

Notes
Turn   | Place    | Note
-------+----------+-------------------------------------------
     0 | D:5      | croobank the Demonspawn Delver began the quest for the Orb.
     0 | D:5      | Reached XP level 1. HP: 18/18 MP: 1/1
    13 | D:6      | Noticed Menkaure
    17 | D:5      | Noticed an orc wizard
    17 | D:5      | Noticed an orc wizard
    18 | D:5      | Noticed an orc wizard
    52 | D:5      | Noticed a scorpion
    52 | D:5      | Noticed a black bear
   261 | D:2      | Gained mutation: You are partially covered in thin metallic
                  | scales. (AC +2) [demonic ancestry]
   261 | D:2      | Reached XP level 2. HP: 24/24 MP: 2/2
   590 | D:1      | Reached XP level 3. HP: 20/29 MP: 3/3
  1337 | D:2      | Reached skill level 5 in Stealth
  1572 | D:3      | Found a faded altar of an unknown god.
  1582 | D:3      | Gained mutation: You are mostly covered in thin metallic
                  | scales. (AC +3) [demonic ancestry]
  1582 | D:3      | Reached XP level 4. HP: 35/35 MP: 4/4
  2596 | D:4      | Found Lihauph's Armour Boutique.
  2696 | D:4      | Gained mutation: You regenerate magic rapidly. [demonic
                  | ancestry]
  2696 | D:4      | Reached XP level 5. HP: 38/42 MP: 5/5
  3150 | D:4      | Found a staircase to the Ecumenical Temple.
  3159 | Temple   | Entered the Ecumenical Temple
  3306 | Temple   | Became a worshipper of Hepliaklqana the Forgotten
  3772 | D:4      | Reached skill level 1 in Invocations
  3772 | D:4      | Reached XP level 6. HP: 42/48 MP: 6/6
  4116 | D:5      | Noticed an orc warrior
  4168 | D:5      | Killed an orc warrior
  4290 | D:5      | Gained mutation: You have a small tail. [demonic ancestry]
  4290 | D:5      | Reached XP level 7. HP: 45/55 MP: 7/9
  4338 | D:5      | Reached skill level 6 in Stealth
  4419 | D:5      | Found a radiant altar of Vehumet.
  4515 | D:5      | Found a transporter.
  4515 | D:5      | Noticed Nick1's ghost (novice FoFi)
  4517 | D:5      | Found a transporter.
  4577 | D:5      | Reached skill level 5 in Fighting
  4676 | D:5      | Learned a level 3 spell: Summon Guardian Golem
  4992 | D:5      | Found a large runed translucent door.
  4993 | D:5      | Found a large runed translucent door.
  5067 | D:5      | Found a basalt altar of Yredelemnul.
  5072 | D:5      | Found a blossoming altar of Fedhas.
  5128 | D:6      | Gained mutation: You have a tail ending in a sharp stinger.
                  | [demonic ancestry]
  5128 | D:6      | Reached XP level 8. HP: 62/62 MP: 11/11
  5156 | D:6      | Reached skill level 1 in Summonings
  5159 | D:6      | Reached skill level 1 in Hexes
  5194 | D:5      | Reached skill level 1 in Spellcasting
  5870 | D:5      | Reached skill level 5 in Invocations
  5972 | D:6      | Reached * piety under Hepliaklqana
  6010 | D:6      | Found an opulent altar of Gozag.
  6103 | D:6      | Reached XP level 9. HP: 37/62 MP: 12/12
  6345 | D:6      | Killed Menkaure
  6482 | D:6      | Found a shadowy altar of Dithmenos.
  6569 | D:6      | Killed by an exploding water moccasin... ignited by their
                  | inner flame

Illustrated notes

Levels and vault maps discovered:
D:1:      lightli_arrival_noodles, layout_basic, serial_glass, glass_columns_a,
          glass_columns_b, glass_columns_b, glass_columns_b
D:2:      layout_rooms
D:3:      layout_loops_ring, hellmonk_ecumenical_altar_blasted, st_stairs_5,
          minmay_cupped
D:4:      layout_basic, lemuel_temple_firewalk_b, serial_shops, shop_coins,
          nicolae_ossuary_entry_catacombs
D:5:      layout_loops_cross, lemuel_crystal_altar, jmf_multi_god_temple2,
          gammafunk_ghost_smash, minivault_27
D:6:      minmay_opposing_rooms, layout_basic, mainiacjoe_overflow_tiny_flanked,
          mainiacjoe_overflow_concentric_impassable, st_stairs_3,
          eino_curves_04, uniq_menkaure
Temple:   nicolae_temple_elliptical

Skill      XL: |  1  2  3  4  5  6  7  8 |
---------------+-------------------------+-----
Short Blades   | 2 3 4 |  4.9
Dodging        | 2 3 4 |  4.8
Stealth        | 5 6 |  6.9
Fighting       | 4 5 |  5.9
Invocations    | 1 2 4 5 |  5.5
Summonings     | 2 |  2.6
Hexes          | 2 |  2.5
Spellcasting   | 2 |  2.3

Action                     |  1- 3 |  4- 6 |  7- 9 || total
---------------------------+-------+-------+-------++-------
  Melee: Short sword       |   190 |    72 |       ||   262
         Punch             |     1 |     5 |     4 ||    10
         Dagger            |       |   218 |   290 ||   508
         Tailslap          |       |       |    45 ||    45
   Fire: Sling             |       |    21 |       ||    21
  Throw: Boomerang         |       |       |    19 ||    19
  Evoke: Wand              |       |       |     1 ||     1
    Use: Scroll            |     2 |     9 |     8 ||    19
         Potion            |       |     3 |     4 ||     7
   Stab: Sleeping          |     5 |     6 |     3 ||    14
         Distracted        |       |     1 |       ||     1
 Armour: Leather armour    |    77 |    84 |   102 ||   263
         Skin              |       |    34 |       ||    34
  Dodge: Dodged            |   123 |   121 |   176 ||   420
